 Dungeon Crawl Stone Soup version 0.23-b1-86-gba62f8e092 (webtiles) character file.

Game seed: 4584857796544760407

610353 ingaproblem the Wrestler (level 26, -3/218 HPs)
             Began as a Demonspawn Wanderer on Feb 7, 2019.
             Was a High Priest of Qazlal.
             Killed from afar by a black draconian (27 damage)
             ... with a bolt of lightning
             ... on level 5 of the Realm of Zot.
             The game lasted 03:19:02 (59926 turns).

ingaproblem the Wrestler (Demonspawn Wanderer)     Turns: 59926, Time: 03:19:03

Health: -3/218     AC: 34    Str: 21    XL:     26   Next: 74%
Magic:  0/39       EV: 10    Int: 16    God:    Qazlal [*****.]
Gold:   6605       SH: 16    Dex: 23    Spells: 30/31 levels left

rFire    + + +     SeeInvis +     - Unarmed
rCold    + + .     Gourm    .   w - +2 buckler
rNeg     . . .     Faith    .   g - +12 gold dragon scales
rPois    +         Spirit   +   (helmet unavailable)
rElec    .         Reflect  .   D - +2 cloak {MR+}
rCorr    .         Harm     .   (gloves unavailable)
MR       +++..                  (boots unavailable)
Stlth    ..........             e - amulet of regeneration
HPRegen  0.86/turn              P - ring "Seesayfyo" {rPois rF++ Dex+5 Slay+2}
MPRegen  0.52/turn              C - ring of see invisible

@: lethally poisoned (-3 -> -3), protected from physical damage, hasted
(expiring), studying Transmutations, repel missiles, very quick
A: claws 3, hooves 3, horns 3, agile 1, blink, blurry vision 1, cold resistance
1, deformed body, demonic guardian 3, deterioration 1, magic resistance 1,
screaming 2, strong 1, wild magic 1, magic shield, magic regeneration, magic
link, freezing cloud immunity
}: 3/15 runes: decaying, serpentine, silver
a: Blink, Upheaval, Elemental Force, Disaster Area, Renounce Religion


You were on level 5 of the Realm of Zot.
You worshipped Qazlal.
Qazlal was extremely pleased with you.
You were completely stuffed.

You visited 8 branches of the dungeon, and saw 46 of its levels.
You also visited: Gauntlet.

You collected 7377 gold pieces.
You spent 772 gold pieces at shops.

Inventory:

Hand Weapons
 q - a +1 blowgun
Missiles
 o - 15 curare-tipped needles
 G - 3 throwing nets (quivered)
Armour
 g - +12 gold dragon scales (worn)
 w - a +2 buckler (worn)
 D - a +2 cloak of magic resistance (worn)
Jewellery
 d - the amulet of Ethienok {Reflect Int-2 Dex+7 SH+2}
   (You found it in a Gauntlet)

   [amulet of reflection]

   It shields you and reflects attacks.
   It affects your intelligence (-2).
   It affects your dexterity (+7).
   It affects your SH (+2).
 e - an amulet of regeneration (around neck)
 C - a ring of see invisible (right claw)
 I - an uncursed ring of resist corrosion
 P - the ring "Seesayfyo" (left claw) {rPois rF++ Dex+5 Slay+2}
   (You found it on level 10 of the Dungeon)

   [ring of poison resistance]

   It affects your dexterity (+5).
   It affects your accuracy and damage with ranged weapons and melee attacks
   (+2).
   It greatly protects you from fire.
   It protects you from poison.
 T - a +3 ring of slaying
Wands
 u - a wand of scattershot (12)
 v - a wand of iceblast (64)
 y - a wand of flame (97)
 B - a wand of clouds (5)
 E - a wand of paralysis (8)
 F - a wand of random effects (43)
 H - a wand of acid (7)
 Q - a wand of disintegration (18)
 X - a wand of enslavement (4)
 Y - a wand of digging (5)
Scrolls
 a - 40 scrolls of remove curse
 h - 35 scrolls of identify
 j - 12 scrolls of teleportation
 m - 2 scrolls of blinking
 t - a scroll of summoning
 z - a scroll of enchant armour
 K - a scroll of silence
 M - 10 scrolls of fog
 N - 11 scrolls of amnesia
 S - 9 scrolls of enchant weapon
 U - 5 scrolls of magic mapping
 V - 6 scrolls of fear
Potions
 b - 6 potions of agility
 c - 4 potions of brilliance
 i - a potion of curing
 k - a potion of heal wounds
 l - 6 potions of flight
 n - 5 potions of mutation
 r - 5 potions of magic
 s - 4 potions of ambrosia
 x - 3 potions of haste
 A - 4 potions of cancellation
 R - 2 potions of might
 W - a potion of invisibility
Books
 p - a manual of Transmutations
Comestibles
 f - 32 rations


   Skills:
 + Level 20.0 Fighting
   Level 1.7 Short Blades
 + Level 18.5 Armour
 - Level 8.1 Dodging
 - Level 1.0 Stealth
 - Level 5.0 Shields
 * Level 26.5 Unarmed Combat
 - Level 3.0 Spellcasting
   Level 1.0 Summonings
   Level 1.0 Earth Magic
 + Level 25.6 Invocations
 - Level 1.0 Evocations


You had 30 spell levels left.
You knew the following spells:

 Your Spells              Type           Power        Failure   Level  Hunger
a - Magic Dart            Conj           #...         99%         1    #......

Your spell library contained the following spells:

 Spells                   Type           Power        Failure   Level  Hunger
 Confusing Touch          Hex            #.....       99%         1    #......
 Corona                   Hex            #......      99%         1    #......
 Freeze                   Ice            #...         99%         1    #......
 Infusion                 Chrm           #...         99%         1    #......
 Sandblast                Erth           #.....       99%         1    #......
 Sting                    Conj/Pois      #...         99%         1    #......
 Call Imp                 Summ           #.......     99%         2    ##.....
 Blink                    Tloc           N/A          100%        2    ##.....
 Corpse Rot               Necr           N/A          100%        2    ##.....
 Passwall                 Tmut/Erth      #.......     100%        2    ##.....
 Poisonous Vapours        Pois/Air       #.....       100%        2    ##.....
 Searing Ray              Conj           #.....       100%        2    ##.....
 Shroud of Golubria       Chrm/Tloc      #.........   100%        2    ##.....
 Slow                     Hex            #.......     100%        2    ##.....
 Song of Slaying          Chrm           #.......     100%        2    ##.....
 Sticks to Snakes         Tmut           #.......     100%        2    ##.....
 Sublimation of Blood     Necr           #.........   100%        2    ##.....
 Swiftness                Chrm/Air       #.......     100%        2    ##.....
 Throw Frost              Conj/Ice       #.....       100%        2    ##.....
 Confuse                  Hex            #.......     100%        3    ###....
 Conjure Flame            Conj/Fire      #.......     100%        3    ###....
 Dazzling Spray           Conj/Hex       #.....       100%        3    ###....
 Gell's Gravitas          Tloc           #.........   100%        3    ###....
 Ignite Poison            Fire/Tmut/Pois #.......     100%        3    ###....
 Inner Flame              Hex/Fire       #.......     100%        3    ###....
 Lesser Beckoning         Tloc           #.........   100%        3    ###....
 Mephitic Cloud           Conj/Pois/Air  #.......     100%        3    ###....
 Ozocubu's Armour         Chrm/Ice       #.......     100%        3    ###....
 Portal Projectile        Hex/Tloc       #.....       100%        3    ###....
 Recall                   Summ/Tloc      N/A          100%        3    ###....
 Regeneration             Chrm/Necr      #.........   100%        3    ###....
 Spectral Weapon          Hex/Chrm       #.......     100%        3    ###....
 Stone Arrow              Conj/Erth      #.....       100%        3    ###....
 Teleport Other           Tloc           #.......     100%        3    ###....
 Animate Dead             Necr           N/A          100%        4    #####..
 Cause Fear               Hex            #.........   100%        4    #####..
 Force Lance              Conj/Tloc      #.......     100%        4    #####..
 Fulminant Prism          Conj/Hex       #.........   100%        4    #####..
 Ice Form                 Ice/Tmut       #.......     100%        4    #####..
 Iskenderun's Mystic Bla  Conj           #.......     100%        4    #####..
 Leda's Liquefaction      Hex/Erth       #.........   100%        4    #####..
 Olgreb's Toxic Radiance  Pois           #.......     100%        4    #####..
 Passage of Golubria      Tloc           N/A          100%        4    #####..
 Petrify                  Tmut/Erth      #.......     100%        4    #####..
 Summon Ice Beast         Ice/Summ       #.......     100%        4    #####..
 Summon Lightning Spire   Summ/Air       #.......     100%        4    #####..
 Throw Icicle             Conj/Ice       #.......     100%        4    #####..
 Agony                    Necr           #.......     100%        5    ######.
 Alistair's Intoxication  Tmut/Pois      #.......     100%        5    ######.
 Blade Hands              Tmut           #.........   100%        5    ######.
 Bolt of Draining         Conj/Necr      #.........   100%        5    ######.
 Bolt of Magma            Conj/Fire/Erth #.........   100%        5    ######.
 Borgnjor's Vile Clutch   Necr/Erth      #.........   100%        5    ######.
 Dispel Undead            Necr           #.......     100%        5    ######.
 Excruciating Wounds      Chrm/Necr      #.........   100%        5    ######.
 Fireball                 Conj/Fire      #.........   100%        5    ######.
 Iskenderun's Battlesphe  Conj/Chrm      #.......     100%        5    ######.
 Lee's Rapid Deconstruct  Erth           #.........   100%        5    ######.
 Metabolic Englaciation   Hex/Ice        #.........   100%        5    ######.
 Silence                  Hex/Air        #.........   100%        5    ######.
 Summon Forest            Summ/Tloc      #.........   100%        5    ######.
 Venom Bolt               Conj/Pois      #.........   100%        5    ######.
 Yara's Violent Unravell  Hex/Tmut       #.........   100%        5    ######.
 Bolt of Cold             Conj/Ice       #.........   100%        6    #######
 Bolt of Fire             Conj/Fire      #.........   100%        6    #######
 Conjure Ball Lightning   Conj/Air       #.........   100%        6    #######
 Darkness                 Hex            #.........   100%        6    #######
 Death Channel            Necr           #.........   100%        6    #######
 Deflect Missiles         Chrm/Air       #.........   100%        6    #######
 Freezing Cloud           Conj/Ice/Air   #.........   100%        6    #######
 Hydra Form               Tmut           #.........   100%        6    #######
 Invisibility             Hex            #.......     100%        6    #######
 Iron Shot                Conj/Erth      #.........   100%        6    #######
 Ozocubu's Refrigeration  Ice            #.........   100%        6    #######
 Simulacrum               Ice/Necr       #.........   100%        6    #######
 Statue Form              Tmut/Erth      #........    100%        6    #######
 Orb of Destruction       Conj           #.........   100%        7    #######
 Ring of Flames           Chrm/Fire      #.........   100%        7    #######
 Spellforged Servitor     Conj/Summ      #.........   100%        7    #######
 Summon Hydra             Summ           #.........   100%        7    #######
 Discord                  Hex            #.........   100%        8    #######
 Ignition                 Fire           #.........   100%        8    #######
 Shatter                  Erth           #.........   100%        9    #######
 Tornado                  Air            #.........   100%        9    #######


Dungeon Overview and Level Annotations

Branches:
Dungeon (15/15)            Temple (0/1) D:6            Lair (6/6) D:9
  Swamp (4/4) Lair:3        Snake (4/4) Lair:3        Slime (0/5) Lair:5
    Orc (2/2) D:9             Elf (0/3) Orc:2        Vaults (5/5) D:14
  Crypt (0/3) Vaults:2     Depths (5/5) D:15            Zot (5/5) Depths:5

Altars:
Dithmenos
Elyvilon
Makhleb
Okawaru
Qazlal
Trog
Uskayaw
Wu Jian
Xom
The Shining One

Shops:
D:6 =   D:9 :   D:11 !   D:15 *   Orc:1 ?   Orc:2 (!%}   Snake:3 !}[(
Snake:4 =}}   Depths:4 :[[

Portals:
Hell: Depths:1 Depths:2 Depths:3 Depths:4 Depths:5
Abyss: Depths:4
Pandemonium: Depths:3
Ziggurat: Depths:5
Trove: D:11 (show slimy rune of Zot)

Annotations:
D:4 1 runed translucent door, FinalFate's ghost, novice GrFi
D:12 1 runed translucent door
Lair:5 exclusion: 2 oklob plants


Innate Abilities, Weirdness & Mutations

You have claws for hands.
You have hooves in place of feet.
You have a pair of large horns on your head.
Your flesh is cold resistant. (rC+)
A powerful demonic guardian rushes to your aid.
When hurt, damage is shared between your health and your magic reserves.
You regenerate magic rapidly.
When low on magic, you restore magic in place of health.
You are immune to freezing clouds.
You are agile. (Dex +2)
You can translocate small distances at will.
Scrolls take you a little longer to read.
Armour fits poorly on your strangely shaped body.
Your body sometimes deteriorates upon taking damage.
You are resistant to hostile enchantments. (MR+)
You sometimes yell uncontrollably at your foes.
Your muscles are strong. (Str +2)
Your spells are a little harder to cast, but a little more powerful.


Message History

You feel sick.
The orb of fire glows yellow.
The fireball explodes!
The fireball engulfs you! You resist.
* * * LOW HITPOINT WARNING * * *
You hear a sizzling sound!
The orb of fire emits a lurid red light.
The fireball explodes!
The fireball engulfs you! You resist.
You feel more protected from fire.
* * * LOW HITPOINT WARNING * * *
The quicksilver dragon breathes dispelling energy at you.
The bolt of dispelling energy is repelled.
The purple draconian breathes dispelling energy at you.
The bolt of dispelling energy hits you!
Your resistance to fire fades away.
You feel protected from physical attacks.
Your magical effects are unravelling.
* * * LOW HITPOINT WARNING * * *
The black draconian breathes lightning at you.
The bolt of lightning hits you!!
You die...

..##..##....(....).<........##...
..##..##....^##...###.......###..
.###..#..<.##.#...#.##.^....# #..
.##...#....###.)#..####.....###..
.##..##.#..# ##...## #......#...
####▓▓▓▓########)########▓▓▓▓####
,,,** #........§......# **,,,
,,,,** ##...§.○.......## **,,,,
,,,,,** #...XD§@......# **,,,,,
,,,,,,* ##.≈≈*≈..2...## *,,,,,,
,,,,,,* #.*.≈...☼...# *,,,,,,
,,,,,,* ##.≈.≈≈X.....## *,,,,,,
,,,,,,* #.2≈......dXd.# *,,,,,,
.,,,,,* ##.*...≈....X..## *,,,,,.
..,,,,*##≈...≈........).##*,,,,..
^..,,###[p.###########...###,,...
...d##°..p## ##....##....


You could see 3 orbs of fire, a Killer Klown, a black draconian, a purple
draconian, a quicksilver dragon, 4 Orb Guardians and 2 friendly cacodemons.

Vanquished Creatures
  4 orbs of fire
  3 ancient liches (Zot:5)
  A juggernaut (Depths:2)
  4 Killer Klowns (Zot:5)
  3 curse toes
  Xtahua (Vaults:4)
  Saint Roka (Orc:2)
  14 golden dragons
  the Enchantress (Depths:1)
  Jory (Depths:5)
  Nikola (Snake:4)
  A lich (Depths:3)
  A bone dragon (Zot:4)
  An electric golem (Zot:5)
  The ghost of contendunt the Acrobat, an adept MiFi of Okawaru (Swamp:1)
  The ghost of Muvus the Executioner, an adept DsFi of Uskayaw (Vaults:4)
  Jorgrun (Swamp:3)
  17 tentacled monstrosities
  9 Orb Guardians (Zot:5)
  The ghost of wont the Peltast, an adept DDAE of Makhleb (Vaults:1)
  5 quicksilver dragons
  11 titans
  Frances (Snake:2)
  7 death cobs
  7 sphinxes
  A thorn hunter (Swamp:4)
  11 tengu reavers
  10 storm dragons
  3 draconian monks
  13 fire giants
  8 nagarajas
  12 frost giants
  6 shadow dragons
  8 draconian knights
  2 deep elf sorcerers
  11 vault wardens
  3 iron dragons (Zot:4)
  An orc warlord (Vaults:4)
  A cacodemon (Depths:3)
  7 draconian scorchers (Zot:4)
  2 draconian stormcallers
  6 draconian annihilators
  4 deep elf elementalists
  3 spriggan defenders
  A caustic shrike skeleton (Depths:3)
  14 ironheart preservers
  7 draconian shifters
  An entropy weaver (Vaults:3)
  3 war gargoyles
  10 very ugly things
  24 stone giants
  2 deep elf annihilators (Vaults:5)
  5 vampire knights
  11 red draconians
  10 black draconians
  14 green draconians
  Azrael (Snake:2)
  A small abomination (Vaults:5)
  9 spark wasps
  10 purple draconians
  11 white draconians
  A minotaur (Gauntlet)
  10 yellow draconians
  An ettin (shapeshifter) (Vaults:5)
  18 ettins
  3 crystal guardians (Vaults:3)
  19 yaktaur captains
  5 jiangshi
  3 great orbs of eyes
  The ghost of Revguard the Cleaver, a journeyman DDBe of Trog (Orc:1)
  3 deep elf high priests (Vaults:5)
  18 naga warriors
  20 hydras
  5 rakshasas
  9 fire dragons
  36 vault guards
  4 shambling mangroves
  16 ice dragons
  50 two-headed ogres
  A catoblepas (Lair:6)
  7 centaur warriors
  3 spriggan air magi
  17 ogre magi
  8 anacondas
  2 ghost crabs
  5 tengu warriors
  5 deep troll shamans
  16 alligators
  The ghost of LostNumber the Schismatic, a novice DsAK of Lugonu (D:10)
  4 vampire magi
  A dancing weapon (Vaults:5)
  2 death knights
  3 death yaks (Lair:6)
  5 deep troll earth magi
  7 shock serpents
  Urug (D:12)
  11 naga sharpshooters
  6 spriggan berserkers
  A soul eater (Depths:3)
  Nergalle (Lair:4)
  6 deep elf knights
  22 slime creatures
  9 hell knights
  4 sea snakes (Snake:4)
  6 glowing orange brains
  2 salamander mystics (Snake:4)
  An iron troll (Depths:1)
  4 spriggan druids
  32 deep trolls
  A shadow wraith (Vaults:3)
  5 unseen horrors
  3 flayed ghosts
  A swamp dragon (shapeshifter) (Vaults:2)
  2 spectral hydras (Swamp:1)
  6 deep elf archers
  A gelid demonspawn (Depths:3)
  9 swamp dragons
  13 ironbrand convokers
  8 naga ritualists
  A phantasmal warrior (Vaults:5)
  4 wizards
  2 golden dragon skeletons (Depths:1)
  16 orc knights
  3 necromancers
  9 mana vipers
  A shining eye (shapeshifter) (Vaults:5)
  4 wolf spiders
  3 orc sorcerers
  10 deep elf magi
  24 moths of wrath
  11 salamanders
  7 cyclopes
  3 manticores
  3 salamanders (shapeshifter)
  7 elephants
  A cyclops (shapeshifter) (Vaults:5)
  An iron dragon skeleton (Depths:3)
  19 ugly things
  A spriggan zombie (Depths:1)
  A black mamba (shapeshifter) (Vaults:4)
  An apocalypse crab (Gauntlet)
  Psyche (D:8)
  18 vault sentinels
  An elf zombie (Depths:3)
  A spectral spriggan (Swamp:1)
  40 black mambas
  A fire giant skeleton (Depths:3)
  2 torpor snails
  An eye of devastation (shapeshifter) (Vaults:3)
  2 guardian serpents
  A spiny frog (shapeshifter) (D:15)
  26 naga magi
  Joseph (D:8)
  4 spectral swamp worms (Depths:4)
  17 spiny frogs
  5 rime drakes
  8 freezing wraiths
  2 gargoyles (D:12)
  37 yaktaurs
  3 komodo dragons
  4 kobold demonologists
  2 efreet
  A yaktaur (shapeshifter) (Vaults:2)
  A red devil (Depths:3)
  7 tengu conjurers
  A jumping spider (Vaults:3)
  8 polar bears
  Grinder (D:4)
  4 trolls
  A queen bee (shapeshifter) (D:9)
  14 tyrant leeches
  A polar bear (shapeshifter) (Depths:2)
  18 blink frogs
  7 hippogriffs
  4 dream sheep
  31 hornets
  8 bog bodies
  2 water elementals (Depths:4)
  A frost giant simulacrum (Depths:1)
  2 shadows
  A tarantella (shapeshifter) (Depths:1)
  2 redbacks (Vaults:3)
  26 spriggans
  3 fire elementals
  2 wraiths
  A yak (shapeshifter) (Vaults:2)
  3 wyverns
  Grum (D:10)
  A steam dragon (shapeshifter) (Depths:3)
  48 yaks
  A vampire (D:14)
  2 hogs (shapeshifter)
  A basilisk (D:15)
  A chaos spawn (Depths:3)
  4 hungry ghosts
  2 vampire mosquitoes (Swamp:2)
  A warg (shapeshifter) (Depths:3)
  A swamp worm (shapeshifter) (Vaults:5)
  8 wargs
  2 insubstantial wisps (Swamp:4)
  12 swamp worms
  A yaktaur simulacrum (Vaults:1)
  41 nagas
  2 soldier ants
  A spectral spiny frog (Swamp:1)
  12 water moccasins
  2 acid dragons
  2 hydra simulacra (Swamp:1)
  A floating eye (shapeshifter) (Vaults:4)
  3 floating eyes
  3 hell hounds
  14 porcupines
  10 swamp drakes
  2 ice beasts
  A spectral hornet (Swamp:1)
  35 orc warriors
  2 eyes of draining (D:12)
  A black bear (shapeshifter) (Vaults:4)
  3 sky beasts
  66 ogres
  5 black bears
  3 necrophages
  A phantom (D:10)
  A tengu (shapeshifter) (Vaults:4)
  13 boggarts
  20 centaurs
  A wolf (shapeshifter) (Vaults:5)
  32 wolves
  A spriggan simulacrum (Swamp:1)
  12 crocodiles
  14 big kobolds
  20 bullfrogs
  A water moccasin skeleton (D:5)
  A hornet simulacrum (Swamp:1)
  3 scorpions
  5 killer bees (D:7)
  14 wights
  4 electric eels
  A bullfrog zombie (D:13)
  8 crimson imps
  3 centaur zombies
  5 centaur skeletons
  5 hounds
  9 jellies
  17 orc wizards
  Crazy Yiuf (D:7)
  A human simulacrum (Vaults:2)
  14 orc priests
  6 bullfrog skeletons
  Jessica (D:2)
  6 iguanas
  2 spectral swamp drakes (Swamp:1)
  6 worker ants
  5 hound skeletons
  Robin (D:2)
  A worker ant zombie (D:9)
  10 gnolls
  A howler monkey skeleton (D:10)
  19 adders
  6 shadow imps
  2 white imps (Gauntlet)
  6 oozes
  An adder zombie (D:5)
  3 adder skeletons
  2 worms
  3 dart slugs
  4 leopard geckos
  87 orcs
  6 bats
  11 giant cockroaches
  17 goblins
  16 hobgoblins
  12 jackals
  3 quokkas
  3 ball pythons
  4 frilled lizards
  32 kobolds
  10 rats
  2 crawling corpses (Vaults:5)
2057 creatures vanquished.

Vanquished Creatures (collateral kills)
  Boris (Depths:3)
  Frederick (Vaults:4)
  Vashnia (Snake:2)
  A Killer Klown (Zot:5)
  2 tentacled monstrosities
  A quicksilver dragon (Vaults:5)
  A thorn hunter (Swamp:3)
  2 storm dragons
  2 tengu reavers (Vaults:5)
  2 shadow dragons (Vaults:5)
  3 vault wardens
  2 stone giants (Vaults:5)
  4 ironheart preservers
  2 green draconians (Zot:4)
  2 purple draconians (Zot:1)
  3 red draconians
  A white draconian (Zot:2)
  2 yellow draconians
  4 ettins
  2 yaktaur captains (Vaults:4)
  A rakshasa (Vaults:3)
  A death ooze (Gauntlet)
  A deep elf high priest (Vaults:5)
  2 naga warriors
  An ice dragon (Depths:1)
  2 hydras
  2 dancing weapons (Vaults:5)
  2 ogre magi
  3 death yaks (Lair:6)
  9 two-headed ogres
  4 naga sharpshooters
  4 deep trolls
  A spriggan druid (Swamp:4)
  A swamp dragon (Swamp:1)
  An orc knight (Orc:1)
  2 ironbrand convokers (Vaults:4)
  4 phantasmal warriors
  A salamander (Snake:3)
  An orc sorcerer (Vaults:4)
  2 ugly things
  2 elephants (Lair:4)
  2 naga magi (Snake:3)
  A moth of wrath (Zot:1)
  A black mamba (Snake:2)
  A centaur zombie (D:13)
  Maurice (D:8)
  A vault sentinel (Vaults:3)
  A spectral swamp worm (Depths:4)
  3 guardian serpents
  2 spiny frogs
  A centaur skeleton (D:11)
  7 yaktaurs
  3 trolls
  7 dream sheep
  A tyrant leech (Swamp:3)
  2 slime creatures
  A hippogriff (Lair:3)
  2 blink frogs
  2 spriggans
  A shadow (Swamp:4)
  A wraith (Vaults:4)
  11 yaks
  2 hungry ghosts
  A swamp worm (Swamp:3)
  A warg (Orc:2)
  5 nagas
  An insubstantial wisp (Swamp:4)
  A water moccasin (D:9)
  A porcupine (Lair:1)
  A black bear (Lair:1)
  An orc warrior (Vaults:4)
  4 ogres
  3 centaurs
  5 big kobolds
  Blork the orc (D:6)
  A bullfrog (D:7)
  4 wights
  A crimson imp (D:10)
  A bullfrog zombie (D:8)
  A jelly (D:9)
  2 orc wizards
  A hound (D:9)
  An orc priest (D:8)
  A worker ant (D:9)
  6 orcs
  A kobold (D:8)
  A plant (Lair:6)
186 creatures vanquished.

Vanquished Creatures (others)
  Nessos (D:14)
  An alligator (Swamp:3)
  A naga sharpshooter (Snake:3)
  A moth of wrath (Zot:4)
  A cyclops (D:12)
  A naga mage (Snake:1)
  4 yaktaurs
  A spriggan (Swamp:2)
  3 centaurs
  An orc (Vaults:1)
  A bush (Lair:5)
  7 fungi
  7 plants
30 creatures vanquished.

Grand Total: 2273 creatures vanquished

Notes
Turn   | Place    | Note
-------+----------+-------------------------------------------
     0 | D:1      | ingaproblem the Demonspawn Wanderer began the quest for the
                  | Orb.
     0 | D:1      | ingaproblem set off with the following items: a potion of
                  | lignification, a +0 short sword, a +0 robe, a ration; and
                  | the following spell memorised: Magic Dart; and the
                  | following spells available to memorise: Call Imp, Blink,
                  | Slow, Conjure Flame, Mephitic Cloud
     0 | D:1      | Reached XP level 1. HP: 15/15 MP: 4/4
   528 | D:1      | Gained mutation: You have a pair of small horns on your
                  | head. [demonic ancestry]
   528 | D:1      | Reached XP level 2. HP: 18/22 MP: 6/6
  1052 | D:2      | Reached skill level 1 in Unarmed Combat
  1082 | D:2      | Reached XP level 3. HP: 15/27 MP: 7/7
  1372 | D:2      | Reached skill level 2 in Unarmed Combat
  1675 | D:2      | Gained mutation: You have large cloven feet. [demonic
                  | ancestry]
  1675 | D:2      | Reached XP level 4. HP: 25/33 MP: 8/8
  1705 | D:2      | Reached skill level 3 in Unarmed Combat
  1951 | D:2      | Found a burning altar of Makhleb.
  2021 | D:2      | Noticed Robin
  2027 | D:2      | Killed Robin
  2059 | D:2      | Gained mutation: You have hoof-like feet. [demonic
                  | ancestry]
  2059 | D:2      | Reached XP level 5. HP: 19/38 MP: 9/9
  2097 | D:2      | Reached skill level 4 in Unarmed Combat
  2310 | D:2      | Found a hide-covered altar of Uskayaw.
  2322 | D:2      | Noticed Jessica
  2326 | D:2      | Killed Jessica
  2339 | D:2      | Found a bloodstained altar of Trog.
  2521 | D:2      | Found a faded altar of an unknown god.
  2526 | D:2      | Became a worshipper of Qazlal Stormbringer
  2526 | D:2      | Reached * piety under Qazlal
  3049 | D:3      | Reached skill level 1 in Invocations
  3121 | D:3      | Reached XP level 6. HP: 40/44 MP: 10/10
  3160 | D:3      | Reached ** piety under Qazlal
  3241 | D:3      | Reached skill level 5 in Unarmed Combat
  3580 | D:3      | Found a shimmering altar of Xom.
  3857 | D:4      | Found a runed translucent door.
  3858 | D:4      | Noticed FinalFate's ghost (novice GrFi)
  3947 | D:4      | Gained mutation: A weak demonic guardian rushes to your
                  | aid. [demonic ancestry]
  3947 | D:4      | Reached XP level 7. HP: 47/50 MP: 11/11
  4068 | D:4      | Reached skill level 6 in Unarmed Combat
  4530 | D:4      | Noticed Grinder
  4538 | D:4      | Killed Grinder
  4582 | D:5      | Entered Level 5 of the Dungeon
  4642 | D:5      | Found an iron altar of Okawaru.
  4712 | D:5      | Reached skill level 5 in Invocations
  4823 | D:5      | Found a glowing golden altar of the Shining One.
  4836 | D:5      | Reached skill level 7 in Unarmed Combat
  5251 | D:6      | Gained mutation: A demonic guardian rushes to your aid.
                  | [demonic ancestry]
  5251 | D:6      | Reached XP level 8. HP: 52/56 MP: 10/12
  5256 | D:6      | Noticed Blork the orc
  5262 | D:6      | Killed Blork the orc
  5273 | D:6      | Found a staircase to the Ecumenical Temple.
  5570 | D:6      | Found Wuoxzidgh's Jewellery Shop.
  5628 | D:6      | Found an ornate altar of the Wu Jian Council.
  5724 | D:6      | Reached skill level 8 in Unarmed Combat
  6142 | D:7      | Reached *** piety under Qazlal
  6249 | D:7      | Found a shadowy altar of Dithmenos.
  6296 | D:7      | Reached skill level 9 in Unarmed Combat
  6312 | D:7      | Gained mutation: You have sharp fingernails. [demonic
                  | ancestry]
  6312 | D:7      | Reached XP level 9. HP: 38/60 MP: 12/14
  6640 | D:7      | Found a runed translucent door.
  6641 | D:7      | Noticed Crazy Yiuf
  6690 | D:7      | Found a stormy altar of Qazlal.
  7308 | D:7      | Killed Crazy Yiuf
  7383 | D:8      | Found an ornate altar of the Wu Jian Council.
  7402 | D:7      | Reached skill level 10 in Unarmed Combat
  7806 | D:8      | Noticed Joseph
  7836 | D:8      | Reached **** piety under Qazlal
  7852 | D:8      | Killed Joseph
  8132 | D:8      | Noticed Psyche
  8141 | D:8      | Reached XP level 10. HP: 25/66 MP: 5/17
  8143 | D:8      | Killed Psyche
  8143 | D:8      | Reached skill level 11 in Unarmed Combat
  8143 | D:8      | Reached skill level 10 in Invocations
  8270 | D:8      | Noticed Maurice
  8285 | D:8      | Killed Maurice
  8949 | D:9      | Reached skill level 12 in Unarmed Combat
  8963 | D:9      | Noticed a purple ugly thing
  8975 | D:9      | Killed a purple ugly thing
  8988 | D:9      | Noticed an unseen horror
  8996 | D:9      | Killed an unseen horror
  9244 | D:9      | Gained mutation: You have hooves in place of feet. [demonic
                  | ancestry]
  9244 | D:9      | Reached XP level 11. HP: 39/71 MP: 11/19
  9740 | D:9      | Reached ***** piety under Qazlal
  9807 | D:9      | Found a staircase to the Lair.
  9857 | D:9      | Found a staircase to the Orcish Mines.
  9870 | D:9      | Found a white marble altar of Elyvilon.
  9896 | D:9      | Found Wuhuimp's Book Shoppe.
 10127 | D:10     | Entered Level 10 of the Dungeon
 10263 | D:10     | Reached skill level 1 in Armour
 10275 | D:10     | Reached skill level 1 in Shields
 10286 | D:10     | Noticed Grum
 10300 | D:10     | Killed Grum
 10374 | D:10     | Reached skill level 13 in Unarmed Combat
 10694 | D:10     | Found a runed translucent gate.
 10694 | D:10     | Found a runed translucent gate.
 10694 | D:10     | Found a runed translucent gate.
 10695 | D:10     | Noticed LostNumber's ghost (novice DsAK)
 11263 | D:10     | Killed LostNumber's ghost
 11293 | D:10     | Got a faintly glowing marble ring
 11295 | D:10     | Identified the ring "Seesayfyo" {rPois rF++ Dex+5 Slay+2}
                  | (You found it on level 10 of the Dungeon)
 11464 | D:11     | Noticed a cyan ugly thing
 11479 | D:11     | Killed a cyan ugly thing
 11843 | D:11     | Found Zussy's Distillery.
 11848 | D:11     | Bought a potion of might for 48 gold pieces
 11848 | D:11     | Bought 2 potions of heal wounds for 120 gold pieces
 11848 | D:11     | Bought a potion of heal wounds for 60 gold pieces
 11861 | D:11     | Noticed an unseen horror
 11868 | D:11     | Killed an unseen horror
 11932 | D:11     | Noticed a vault guard
 11958 | D:11     | Killed a vault guard
 11963 | D:11     | Found a portal to a secret trove of treasure.
 12295 | Lair:1   | Entered Level 1 of the Lair of Beasts
 12315 | Lair:1   | Reached XP level 12. HP: 70/84 MP: 17/21
 12645 | Lair:1   | Reached skill level 5 in Fighting
 13208 | Lair:2   | Reached skill level 14 in Unarmed Combat
 13481 | Lair:2   | Reached skill level 5 in Armour
 13570 | Lair:2   | Reached skill level 5 in Shields
 13919 | Lair:2   | Found the cursed +13 scythe of Curses {drain, *Curse}
 14131 | Lair:3   | Found a staircase to the Snake Pit.
 14447 | Lair:3   | Found a staircase to the Swamp.
 14454 | Lair:3   | Gained mutation: Your magical capacity is low. (-10% MP)
                  | [potion of mutation]
 14454 | Lair:3   | Gained mutation: You are clumsy. (Dex -2) [potion of
                  | mutation]
 14454 | Lair:3   | Gained mutation: Your spells are a little harder to cast,
                  | but a little more powerful. [potion of mutation]
 14455 | Lair:3   | Lost mutation: Your magical capacity is low. (-10% MP)
                  | [potion of mutation]
 14455 | Lair:3   | Lost mutation: Your spells are a little harder to cast, but
                  | a little more powerful. [potion of mutation]
 14455 | Lair:3   | Gained mutation: You have very sharp fingernails. [potion
                  | of mutation]
 14455 | Lair:3   | Gained mutation: You are dopey. (Int -2) [potion of
                  | mutation]
 14455 | Lair:3   | Gained mutation: You are somewhat resistant to further
                  | mutation. [potion of mutation]
 14456 | Lair:3   | Lost mutation: You are somewhat resistant to further
                  | mutation. [potion of mutation]
 14456 | Lair:3   | Lost mutation: You are dopey. (Int -2) [potion of mutation]
 14456 | Lair:3   | Lost mutation: You are clumsy. (Dex -2) [potion of
                  | mutation]
 14456 | Lair:3   | Gained mutation: Your muscles are strong. (Str +2) [potion
                  | of mutation]
 14456 | Lair:3   | Gained mutation: You are dopey. (Int -2) [potion of
                  | mutation]
 14456 | Lair:3   | Lost mutation: Your muscles are strong. (Str +2) [potion of
                  | mutation]
 14456 | Lair:3   | Gained mutation: Your flesh is cold resistant. (rC+)
                  | [potion of mutation]
 14976 | Lair:4   | Mutation became permanent: You have sharp fingernails.
                  | [demonic ancestry]
 14976 | Lair:4   | Gained mutation: You have very sharp fingernails. [demonic
                  | ancestry]
 14976 | Lair:4   | Reached XP level 13. HP: 94/95 MP: 22/22
 15216 | Lair:4   | Noticed Nergalle
 15225 | Lair:4   | Killed Nergalle
 15742 | Lair:5   | Reached skill level 15 in Unarmed Combat
 15770 | Lair:5   | Found a gate leading to a gauntlet.
 15795 | Gauntlet | Entered a Gauntlet
 15795 | Gauntlet | Found a transporter.
 15795 | Gauntlet | Found a transporter.
 15816 | Gauntlet | Noticed a death ooze
 15822 | Gauntlet | Identified the ring "Tepnih" {+Inv AC+2 Str-5 Int+2 SInv}
 16007 | Gauntlet | Found a transporter.
 16007 | Gauntlet | Found a transporter.
 16010 | Gauntlet | Found a transporter.
 16022 | Gauntlet | Found a transporter.
 16026 | Gauntlet | Found a transporter.
 16027 | Gauntlet | Found a transporter.
 16027 | Gauntlet | Found a transporter.
 16048 | Gauntlet | Found a transporter.
 16087 | Gauntlet | Found a transporter.
 16165 | Gauntlet | Found a transporter.
 16235 | Gauntlet | Killed a death ooze
 16300 | Gauntlet | Got a vibrating golden amulet
 16302 | Gauntlet | Identified the amulet of Ethienok {Reflect Int-2 Dex+7
                  | SH+2} (You found it in a Gauntlet)
 16316 | Gauntlet | Noticed a minotaur
 16330 | Gauntlet | Killed a minotaur
 16333 | Gauntlet | Identified the Incunabulum of Changing
 16338 | Gauntlet | Got a smelly leather armour
 16349 | Gauntlet | Identified the +0 leather armour of the Doge {Dex+2} (You
                  | found it in a Gauntlet)
 16451 | Lair:5   | Found a staircase to the Slime Pits.
 17276 | Lair:6   | Entered Level 6 of the Lair of Beasts
 17702 | Lair:6   | Reached XP level 14. HP: 91/106 MP: 24/24
 17778 | Lair:6   | Reached skill level 1 in Dodging
 17967 | Lair:6   | Reached ****** piety under Qazlal
 18475 | Orc:1    | Entered Level 1 of the Orcish Mines
 18493 | Orc:1    | Reached skill level 16 in Unarmed Combat
 18903 | Orc:2    | Entered Level 2 of the Orcish Mines
 18955 | Orc:2    | Found a staircase to the Elven Halls.
 19047 | Orc:2    | Noticed Saint Roka
 19376 | Orc:2    | Killed Saint Roka
 20583 | Orc:2    | Found Bereliv's Gadget Shop.
 20583 | Orc:2    | Found Deuvu's Distillery.
 20584 | Orc:2    | Found Eleilosa's Food Emporium.
 20584 | Orc:2    | Found Ronobb's Weapon Boutique.
 20593 | Orc:2    | Bought 2 potions of heal wounds for 120 gold pieces
 20593 | Orc:2    | Bought 2 potions of mutation for 192 gold pieces
 20969 | Orc:1    | Found Bisan's Magic Scroll Boutique.
 20976 | Orc:1    | Bought a scroll of blinking for 105 gold pieces
 21149 | Orc:1    | Gained mutation: You have a pair of horns on your head.
                  | [demonic ancestry]
 21149 | Orc:1    | Reached XP level 15. HP: 73/114 MP: 26/26
 21623 | Orc:1    | Noticed Revguard's ghost (journeyman DDBe)
 21626 | Orc:1    | Found a transporter.
 21626 | Orc:1    | Identified the cursed +1 great mace of Niashrab {distort,
                  | +Blink rF+++ Str+2 Int-3}
 21630 | Orc:1    | Found a transporter.
 21826 | Orc:1    | Killed Revguard's ghost
 21826 | Orc:1    | Reached skill level 15 in Invocations
 22070 | D:12     | Noticed Urug
 22284 | D:12     | Killed Urug
 22284 | D:12     | Reached skill level 10 in Fighting
 22536 | D:12     | Found a white marble altar of Elyvilon.
 22536 | D:12     | Found a runed translucent door.
 22789 | D:13     | Reached skill level 5 in Dodging
 22816 | D:13     | Reached skill level 17 in Unarmed Combat
 22927 | D:13     | Identified a scroll of acquirement
 23924 | D:14     | Noticed Nessos
 23941 | D:14     | Killed Nessos
 24015 | D:14     | Found a gate to the Vaults.
 24418 | D:15     | Entered Level 15 of the Dungeon
 24429 | D:15     | Found Esyonemu's General Store.
 24438 | D:15     | Bought a potion of might for 52 gold pieces
 24788 | D:15     | Gained mutation: You have a pair of large horns on your
                  | head. [demonic ancestry]
 24788 | D:15     | Reached XP level 16. HP: 116/124 MP: 27/27
 24897 | D:15     | Found a staircase to the Depths.
 25797 | Swamp:1  | Entered Level 1 of the Swamp
 25894 | Swamp:1  | You fall through a shaft!
 25971 | Swamp:1  | Noticed a tentacled monstrosity
 25993 | Swamp:1  | Killed a tentacled monstrosity
 26495 | Swamp:1  | Reached skill level 10 in Armour
 26563 | Swamp:1  | Found a runed translucent gate.
 26563 | Swamp:1  | Found a runed translucent gate.
 26563 | Swamp:1  | Found a runed translucent gate.
 26565 | Swamp:1  | Noticed contendunt's ghost (adept MiFi)
 26900 | Swamp:1  | Killed contendunt's ghost
 28417 | Swamp:3  | Noticed Jorgrun
 28419 | Swamp:3  | Reached skill level 18 in Unarmed Combat
 28423 | Swamp:3  | Killed Jorgrun
 28752 | Swamp:3  | Noticed a thorn hunter
 28760 | Swamp:3  | Killed a thorn hunter
 29463 | Swamp:4  | Entered Level 4 of the Swamp
 29480 | Swamp:4  | Reached XP level 17. HP: 91/132 MP: 29/29
 30557 | Swamp:4  | Got a decaying rune of Zot
 31117 | Snake:1  | Entered Level 1 of the Snake Pit
 32046 | Snake:2  | Noticed Frances
 32046 | Snake:2  | Noticed Azrael
 32099 | Snake:2  | Noticed Vashnia
 32133 | Snake:2  | Killed Azrael
 32139 | Snake:2  | Killed Frances
 32787 | Snake:2  | Killed Vashnia
 32787 | Snake:2  | Reached skill level 19 in Unarmed Combat
 33113 | Snake:3  | Found Hishyara's Antique Weapon Shop.
 33806 | Snake:3  | Reached XP level 18. HP: 118/142 MP: 28/30
 34236 | Snake:3  | Found Potism's Distillery.
 34274 | Snake:3  | Bought a potion of heal wounds for 75 gold pieces
 34568 | Snake:3  | Found Geakuny's Armour Emporium.
 34676 | Snake:3  | Found Boxair's Gadget Shoppe.
 34930 | Snake:4  | Entered Level 4 of the Snake Pit
 35724 | Snake:4  | Noticed Nikola
 35742 | Snake:4  | Killed Nikola
 36650 | Snake:4  | Found Aroin's Gadget Shoppe.
 36651 | Snake:4  | Found Ovirauta's Jewellery Boutique.
 36652 | Snake:4  | Found Utza's Gadget Shoppe.
 37326 | Snake:4  | Reached skill level 20 in Unarmed Combat
 37477 | Snake:4  | Got a serpentine rune of Zot
 37791 | Vaults:1 | Entered Level 1 of the Vaults
 37849 | Vaults:1 | Reached XP level 19. HP: 130/150 MP: 32/32
 38596 | Vaults:1 | Found a runed translucent door.
 38599 | Vaults:1 | Noticed wont's ghost (adept DDAE)
 38612 | Vaults:1 | Killed wont's ghost
 40998 | Vaults:2 | Found a staircase to the Crypt.
 41228 | Vaults:2 | Paralysed by a sphinx for 3 turns
 41685 | Vaults:3 | Gained mutation: When hurt, damage is shared between your
                  | health and your magic reserves. [demonic ancestry]
 41685 | Vaults:3 | Reached XP level 20. HP: 95/160 MP: 33/33
 42179 | Vaults:3 | Reached skill level 21 in Unarmed Combat
 43678 | Vaults:4 | Noticed Xtahua
 43712 | Vaults:4 | Paralysed by Xtahua for 3 turns
 43717 | Vaults:4 | Killed Xtahua
 43717 | Vaults:4 | Reached skill level 15 in Fighting
 43743 | Vaults:4 | Noticed Frederick
 43766 | Vaults:4 | Killed Frederick
 44205 | Vaults:4 | Found a runed translucent door.
 44206 | Vaults:4 | Noticed Muvus's ghost (adept DsFi)
 44596 | Vaults:4 | Killed Muvus's ghost
 45526 | Vaults:4 | Gained mutation: You regenerate magic rapidly. [demonic
                  | ancestry]
 45526 | Vaults:4 | Reached XP level 21. HP: 162/168 MP: 35/35
 45975 | Vaults:4 | Noticed a golden dragon
 45985 | Vaults:4 | Killed a golden dragon
 46351 | Vaults:4 | Got a scorched ring mail
 46352 | Vaults:4 | Identified the +3 ring mail of Beauty {*Contam *Slow rF+++
                  | Regen+} (You found it on level 4 of the Vaults)
 46520 | Depths:1 | Entered Level 1 of the Depths
 46527 | Depths:1 | Reached skill level 22 in Unarmed Combat
 46548 | Depths:1 | Identified the +6 faerie dragon scales {+Blink MR+++ rCorr
                  | Int-4 Dex-4}
 46548 | Depths:1 | Noticed the Enchantress
 46551 | Depths:1 | Killed the Enchantress
 47858 | Depths:1 | Found a gateway to Hell.
 48208 | Depths:2 | Noticed a juggernaut
 48216 | Depths:2 | Noticed a golden dragon
 48216 | Depths:2 | Noticed a golden dragon
 48224 | Depths:2 | Killed a juggernaut
 48444 | Depths:2 | Killed a golden dragon
 48464 | Depths:2 | Killed a golden dragon
 48748 | Depths:2 | Gained mutation: You have claws for hands. [demonic
                  | ancestry]
 48748 | Depths:2 | Reached XP level 22. HP: 161/178 MP: 36/36
 49305 | Depths:3 | Reached skill level 15 in Armour
 49428 | Depths:3 | Noticed Boris
 49461 | Depths:3 | Killed Boris
 49481 | Depths:3 | Paralysed by a floating eye for 2 turns
 49740 | Depths:3 | Noticed a golden dragon
 49747 | Depths:3 | Killed a golden dragon
 49747 | Depths:3 | Reached skill level 23 in Unarmed Combat
 50184 | Depths:3 | Found a one-way gate leading to the halls of Pandemonium.
 50382 | Depths:3 | Paralysed by a floating eye for 2 turns
 50559 | Depths:4 | Found a white marble altar of Elyvilon.
 50655 | Depths:4 | Upgraded the game from 0.23-b1-75-g379dba2534 to
                  | 0.23-b1-86-gba62f8e092
 50777 | Depths:4 | Identified the Guide on Poisoning and Ignition
 50930 | Depths:4 | Found Lukoix's Antique Armour Shop.
 50934 | Depths:4 | Found Pojustar's Antique Armour Boutique.
 50935 | Depths:4 | Found Fiema's Book Shop.
 51188 | Depths:4 | Found a one-way gate to the infinite horrors of the Abyss.
 51314 | Depths:5 | Entered Level 5 of the Depths
 51407 | Depths:5 | Noticed Jory
 51430 | Depths:5 | Killed Jory
 51430 | Depths:5 | Gained mutation: A powerful demonic guardian rushes to your
                  | aid. [demonic ancestry]
 51430 | Depths:5 | Reached XP level 23. HP: 147/187 MP: 34/38
 51483 | Depths:5 | Found a gateway to a ziggurat.
 52173 | Depths:5 | Found a gate to the Realm of Zot.
 52840 | Vaults:5 | Entered Level 5 of the Vaults
 52924 | Vaults:5 | Reached skill level 24 in Unarmed Combat
 53169 | Vaults:5 | Mutation became permanent: Your flesh is cold resistant.
                  | (rC+) [demonic ancestry]
 53169 | Vaults:5 | Gained mutation: Your flesh is cold resistant. (rC+)
                  | [demonic ancestry]
 53169 | Vaults:5 | Reached XP level 24. HP: 103/197 MP: 38/38
 53335 | Vaults:5 | Identified the Guide on Virous Flames
 53344 | Vaults:5 | Got a silver rune of Zot
 53355 | Vaults:5 | Identified the Almanac of Aid
 53415 | Vaults:5 | Identified the +5 falchion of the Grave {slice, *Contam rF+
                  | rC++ MR+}
 53682 | Vaults:5 | Got a twitching amber ring
 53683 | Vaults:5 | Identified the ring of the Endless Expanse {rF+ Int+6} (You
                  | found it on level 5 of the Vaults)
 54625 | Zot:1    | Entered Level 1 of the Realm of Zot
 55931 | Zot:1    | Lost mutation: You are dopey. (Int -2) [potion of mutation]
 55931 | Zot:1    | Gained mutation: Your body sometimes deteriorates upon
                  | taking damage. [potion of mutation]
 55931 | Zot:1    | Gained mutation: Your spells are a little harder to cast,
                  | but a little more powerful. [potion of mutation]
 55932 | Zot:1    | Lost mutation: Your body sometimes deteriorates upon taking
                  | damage. [potion of mutation]
 55932 | Zot:1    | Lost mutation: Your spells are a little harder to cast, but
                  | a little more powerful. [potion of mutation]
 55932 | Zot:1    | Gained mutation: You are robust. (+10% HP) [potion of
                  | mutation]
 55932 | Zot:1    | Gained mutation: You do not regenerate when monsters are
                  | visible. [potion of mutation]
 55932 | Zot:1    | Gained mutation: You passively map a small area around you.
                  | [potion of mutation]
 55933 | Zot:1    | Lost mutation: You passively map a small area around you.
                  | [potion of mutation]
 55933 | Zot:1    | Lost mutation: You do not regenerate when monsters are
                  | visible. [potion of mutation]
 55933 | Zot:1    | Lost mutation: You are robust. (+10% HP) [potion of
                  | mutation]
 55933 | Zot:1    | Gained mutation: You are agile. (Dex +2) [potion of
                  | mutation]
 55933 | Zot:1    | Gained mutation: Your spells are a little harder to cast,
                  | but a little more powerful. [potion of mutation]
 55933 | Zot:1    | Gained mutation: You can translocate small distances at
                  | will. [potion of mutation]
 55933 | Zot:1    | Gained mutation: You are resistant to hostile enchantments.
                  | (MR+) [potion of mutation]
 56161 | Zot:2    | Reached skill level 25 in Unarmed Combat
 56181 | Zot:2    | Gained mutation: You are immune to freezing clouds.
                  | [demonic ancestry]
 56181 | Zot:2    | Reached XP level 25. HP: 116/206 MP: 32/39
 57528 | Zot:4    | Noticed an orb of fire
 57531 | Zot:4    | Gained mutation: Your spells are harder to cast, but more
                  | powerful. [an orb of fire]
 57532 | Zot:4    | Gained mutation: You occasionally shout uncontrollably at
                  | your foes. [an orb of fire]
 57534 | Zot:4    | Gained mutation: Scrolls take you a little longer to read.
                  | [an orb of fire]
 57538 | Zot:4    | Gained mutation: Your muscles are strong. (Str +2) [an orb
                  | of fire]
 57541 | Zot:4    | Killed an orb of fire
 58681 | Zot:5    | Entered Level 5 of the Realm of Zot
 58690 | Zot:5    | Gained mutation: When low on magic, you restore magic in
                  | place of health. [demonic ancestry]
 58690 | Zot:5    | Reached XP level 26. HP: 216/216 MP: 39/39
 59175 | Zot:5    | Reached skill level 26 in Unarmed Combat
 59477 | Zot:5    | Noticed an ancient lich
 59522 | Zot:5    | Killed an ancient lich
 59610 | Zot:5    | Noticed an orb of fire
 59611 | Zot:5    | Noticed an orb of fire
 59622 | Zot:5    | Noticed an orb of fire
 59631 | Zot:5    | Gained mutation: Your body sometimes deteriorates upon
                  | taking damage. [an orb of fire]
 59634 | Zot:5    | Killed an orb of fire
 59748 | Zot:5    | Noticed an ancient lich
 59767 | Zot:5    | Killed an ancient lich
 59769 | Zot:5    | Lost mutation: Your spells are harder to cast, but more
                  | powerful. [an orb of fire]
 59777 | Zot:5    | Gained mutation: You sometimes yell uncontrollably at your
                  | foes. [an orb of fire]
 59781 | Zot:5    | Killed an orb of fire
 59884 | Zot:5    | Noticed an orb of fire
 59885 | Zot:5    | Gained mutation: Armour fits poorly on your strangely
                  | shaped body. [an orb of fire]
 59891 | Zot:5    | Killed an orb of fire
 59893 | Zot:5    | Noticed an ancient lich
 59910 | Zot:5    | Killed an ancient lich
 59913 | Zot:5    | Noticed an orb of fire
 59916 | Zot:5    | Noticed an orb of fire
 59926 | Zot:5    | Killed from afar by a black draconian

Skill      XL: |  1  2  3  4  5  6  7  8  9 10 11 12 13 14 15 16 17 18 19 20 21 22 23 24 25 26 |
---------------+-------------------------------------------------------------------------------+-----
Fighting       | 2 4 6 8 9 10 11 12 13 14 15 16 17 18 19 20 | 20.0
Unarmed Combat | 1 2 3 4 5 7 9 10 12 13 14 15 16 17 18 19 20 21 22 23 24 25 26 | 26.5
Invocations    | 1 3 5 7 9 11 12 13 14 15 16 17 18 19 20 21 22 23 24 25 | 25.6
Armour         | 3 5 7 8 9 10 11 12 13 14 15 16 17 18 | 18.5
Shields        | 3 5 |  5.0
Dodging        | 4 6 7 8 |  8.1
Short Blades   | |  1.7
Stealth        | |  1.0
Spellcasting   | |  3.0
Summonings     | |  1.0
Earth Magic    | |  1.0
Evocations     | |  1.0

Action                   |  1- 3 |  4- 6 |  7- 9 | 10-12 | 13-15 | 16-18 | 19-21 | 22-24 | 25-27 || total
-------------------------+-------+-------+-------+-------+-------+-------+-------+-------+-------++-------
Melee: Short sword       |   128 |   169 |       |       |       |       |       |       |       ||   297
       Headbutt          |    12 |    35 |    47 |   127 |   237 |   339 |   413 |   324 |   189 ||  1723
       Kick              |       |    61 |    96 |   194 |   407 |   526 |   640 |   463 |   285 ||  2672
       Unarmed           |       |   102 |   354 |   618 |   870 |  1116 |  1202 |   960 |   559 ||  5781
       Punch             |       |     3 |     6 |    13 |       |       |       |       |       ||    22
Throw: Throwing net      |       |       |       |       |     1 |       |       |       |       ||     1
 Cast: Magic Dart        |     3 |       |       |       |       |       |       |       |       ||     3
Invok: Upheaval          |       |       |     3 |     3 |    10 |    19 |     5 |     6 |     1 ||    47
       Disaster Area     |       |       |       |     1 |     3 |     5 |     4 |     7 |     2 ||    22
Evoke: Wand              |       |     5 |     2 |     3 |       |     5 |       |     3 |       ||    18
  Use: Potion            |     2 |       |     8 |    11 |     6 |     7 |     9 |    17 |     5 ||    65
       Scroll            |       |       |    11 |     5 |     4 |    10 |    18 |    15 |     3 ||    66
 Stab: Sleeping          |     1 |       |       |       |       |       |       |       |       ||     1
       Paralysed         |       |       |     1 |       |       |       |       |       |       ||     1
       Distracted        |       |       |       |     5 |     3 |     8 |     9 |    10 |    10 ||    45
       Confused          |       |       |       |       |       |     4 |       |       |       ||     4
  Eat: Chunk             |     1 |     6 |     8 |     9 |    13 |     5 |     3 |     3 |       ||    48
       Ration            |     1 |       |     2 |     5 |     6 |    12 |     9 |     8 |     4 ||    47
Armor: Robe              |     5 |       |       |       |       |       |       |       |       ||     5
       Leather armour    |    44 |    46 |       |       |    11 |       |       |       |       ||   101
       Ring mail         |       |    50 |       |       |       |       |       |       |       ||    50
       Chain mail        |       |     6 |    40 |       |       |       |       |       |       ||    46
       Scale mail        |       |       |   135 |   134 |    53 |       |       |       |       ||   322
       Plate armour      |       |       |       |       |   110 |   249 |   221 |       |       ||   580
       Gold dragon scale |       |       |       |       |       |       |     9 |   359 |   204 ||   572
Dodge: Dodged            |    77 |   118 |    93 |   127 |   137 |   195 |   211 |   127 |    91 ||  1176
       Deflected         |       |       |     1 |    18 |    14 |    59 |    20 |    20 |    10 ||   142
Block: Other             |       |     6 |    42 |    42 |       |       |       |       |       ||    90
       Buckler           |       |       |       |   130 |   557 |   731 |   643 |   429 |   196 ||  2686
       Reflection        |       |       |       |       |    55 |    88 |    76 |     3 |       ||   222
